 Dungeon Crawl Stone Soup version 0.27.1-34-g3ba077fa99 (webtiles) character file.

Game seed: 11091622714969169037

30 shadowrider38 the Skirmisher (level 3, -1/33 HPs)
             Began as a Draconian Fighter on Jan 1, 2022.
             Succumbed to an adder's poison
             ... on level 2 of the Dungeon.
             The game lasted 00:02:09 (1632 turns).

shadowrider38 the Skirmisher (Draconian Fighter)    Turns: 1632, Time: 00:02:10

Health: -1/33      AC:  5    Str: 19    XL:     3   Next: 5%
Magic:  3/3        EV: 10    Int:  8    God:
Gold:   30         SH:  9    Dex: 10    Spells: 2/2 levels left

rFire    . . .     SeeInvis .   a - +0 trident
rCold    . . .     Faith    .   b - +0 kite shield
rNeg     . . .     Spirit   .   (armour unavailable)
rPois    .         Reflect  .   (helmet restricted)
rElec    .         Harm     .   (no cloak)
rCorr    .         Rampage  .   (no gloves)
Will     .....                  (no boots)
Stlth    +.........             (no amulet)
HPRegen  0.11/turn              (no ring)
MPRegen  0.08/turn              (no ring)

@: lethally poisoned (-1 -> -16)
A: AC +5, unfitting armour, cold-blooded
a: no special abilities


You were on level 2 of the Dungeon.
You visited 1 branch of the dungeon, and saw 2 of its levels.

You collected 30 gold pieces.

Inventory:

Hand Weapons
 a - a +0 trident (weapon)
Missiles
 f - 93 stones (quivered)
Armour
 b - a +0 kite shield (worn)
Scrolls
 e - a scroll of magic mapping {unknown}
 g - a scroll of enchant weapon {unknown}
 h - a scroll of amnesia {unknown}
Potions
 c - a potion of might
 d - 2 potions of flight {unknown}


   Skills:
 + Level 3.8 Fighting
 + Level 2.7 Polearms
 - Level 2.7 Dodging
 - Level 3.2 Shields


You had 2 spell levels left.
You didn't know any spells.
Your spell library contained the following spells:

 Spells                   Type           Power      Damage    Failure   Level
 Ensorcelled Hibernation  Hex/Ice        0%         N/A       96%         2
 Spider Form              Tmut/Pois      0%         N/A       99%         3
 Stone Arrow              Conj/Erth      0%         3d7       99%         3
 Bolt of Magma            Conj/Fire/Erth 0%         4d4       100%        5
 Shadow Creatures         Summ           N/A        N/A       100%        6
 Shatter                  Erth           0%         3d5*      100%        9


Dungeon Overview and Level Annotations

Branches:
Dungeon (2/15)

Altars:


Innate Abilities, Weirdness & Mutations

Your plain brown scales are hard. (AC +5)
You cannot fit into any form of body armour.
You are cold-blooded and may be slowed by cold attacks.


Message History

The adder is almost dead.
The adder bites you.
You are poisoned.
The adder poisons you! The adder bites you.
You are more poisoned.
The adder poisons you!
You closely miss the adder.
The adder is almost dead.
You feel very sick. The adder barely misses you. The adder bites you.
You are more poisoned.
The adder poisons you!
You barely miss the adder.
The adder is severely wounded.
You feel very sick. The adder bites you.
You are lethally poisoned!
The adder poisons you!
You are too injured to fight recklessly!
You barely miss the adder.
Your tail-slap misses the adder.
The adder is severely wounded.
* * * LOW HITPOINT WARNING * * *
You feel very sick. The adder barely misses you. You block the adder's attack.
Your shield prevents you from hitting the adder.
The adder is severely wounded.
* * * LOW HITPOINT WARNING * * *
You feel very sick. The adder bites you.
* * * LOW HITPOINT WARNING * * *
You are more poisoned.
The adder poisons you! The adder bites you.
* * * LOW HITPOINT WARNING * * *
Unknown command.
Unknown command.
Unknown command.
Unknown command.
You barely miss the adder.
The adder is severely wounded.
You die...

.. ... ....####
#...<#### ####....##
##########
......###..####.........
#####..........!.....(..
###########...?.....
#.@S...... #.........
#......... ##########


You could see an adder.

Vanquished Creatures
  3 dart slugs (D:1)
  3 ball pythons
  A bat (D:1)
  4 endoplasms
  3 giant cockroaches (D:1)
  2 hobgoblins (D:1)
  2 quokkas (D:1)
  2 kobolds (D:1)
20 creatures vanquished.

Notes
Turn   | Place    | Note
-------+----------+-------------------------------------------
     0 | D:1      | shadowrider38 the Draconian Fighter began the quest for the
                  | Orb.
     0 | D:1      | Reached XP level 1. HP: 19/19 MP: 1/1
   794 | D:1      | Reached XP level 2. HP: 23/26 MP: 2/2
  1347 | D:1      | Reached XP level 3. HP: 26/33 MP: 3/3
  1632 | D:2      | Succumbed to an adder's poison

Illustrated notes

Levels and vault maps discovered:
D:1:      erik_arrival_triangle_medium, layout_loops_corners,
          kennysheep_crisscross
D:2:      layout_rooms, ebering_ecumenical_altar_rust, serial_curves,
          eino_curves_03, eino_curves_02, eino_curves_02, eino_curves_04

Action                   || total
-------------------------++-------
Melee: Trident           ||    64
       Tailslap          ||     1
Throw: Stone             ||     2
 Stab: Sleeping          ||     2
Armor: Skin              ||    13
Dodge: Dodged            ||    15
Block: Kite shield       ||    17
